 Dungeon Crawl Stone Soup version 0.26-a0-104-gef3e9dd61f (webtiles) character file.

Game seed: 17641619903148304224

99 drasked the Chopper (level 4, -8/41 HPs)
             Began as a Hill Orc Monk on June 22, 2020.
             Killed from afar by a white imp (10 damage)
             ... with a puff of frost
             ... summoned by Natasha
             ... on level 2 of the Dungeon.
             The game lasted 00:02:47 (2144 turns).

drasked the Chopper (Hill Orc Monk)                 Turns: 2144, Time: 00:02:47

Health: -8/41      AC:  5    Str: 14    XL:     4   Next: 72%
Magic:  4/4        EV: 11    Int: 10    God:
Gold:   99         SH:  0    Dex: 13    Spells: 3/3 levels left

rFire    . . .     SeeInvis .   a - +0 hand axe
rCold    . . .     Gourm    .   (no shield)
rNeg     . . .     Faith    .   h - +0 ring mail
rPois    .         Spirit   .   (no helmet)
rElec    .         Reflect  .   (no cloak)
rCorr    .         Harm     .   (no gloves)
MR       .....                  (no boots)
Stlth    +.........             (no amulet)
HPRegen  0.13/turn              (no ring)
MPRegen  0.09/turn              (no ring)

@: slowed, very slow
A: no striking features
a: no special abilities


You were on level 2 of the Dungeon.
You were not hungry.

You visited 1 branch of the dungeon, and saw 2 of its levels.

You collected 99 gold pieces.

Inventory:

Hand Weapons
 a - a +0 hand axe (weapon)
Missiles
 k - 9 poisoned darts (quivered)
 Q - 47 stones
Armour
 h - a +0 ring mail (worn)
   (You found it on level 1 of the Dungeon)
Jewellery
 g - an uncursed amulet of faith {unknown}
   (You found it on level 1 of the Dungeon)
 n - an uncursed amulet of the acrobat {unknown}
   (You found it on level 2 of the Dungeon)
Wands
 q - a wand of clouds (8)
   (You found it on level 2 of the Dungeon)
Scrolls
 d - a scroll of enchant armour {unknown}
 f - a scroll of blinking {unknown}
 i - a scroll of identify {unknown}
 l - a scroll of magic mapping {unknown}
 o - a scroll of random uselessness {unknown}
 r - a scroll of amnesia {unknown}
 s - a scroll of immolation {unknown}
 t - a scroll of teleportation {unknown}
 u - a scroll of remove curse {unknown}
 v - 2 scrolls of enchant weapon {unknown}
Potions
 b - a potion of magic {unknown}
 c - a potion of stabbing {unknown}
 j - a potion of invisibility {unknown}
 m - a potion of mutation {unknown}
 p - a potion of ambrosia {unknown}
Comestibles
 e - 4 rations


   Skills:
 + Level 4.3 Fighting
 * Level 5.4 Axes
 + Level 1.7 Armour
 - Level 2.4 Dodging
 + Level 2.2 Stealth


You had 3 spell levels left.
You didn't know any spells.
Your spell library was empty.

Dungeon Overview and Level Annotations

Branches:
Dungeon (2/15)

Altars:
Ru

Annotations:
D:2 Natasha


Message History

No target in view!
No target in view!
You butcher the bat corpse.
s - a chunk of flesh {@w0} You see here a bat skeleton. x2
k - 13 poisoned darts (gained 2)
k - 14 poisoned darts (gained 1)
e - 4 rations (gained 1)
There is a shaft here.
You see here a leather armour.
You now have 99 gold pieces (gained 10).
Eating a chunk of flesh {@w0}.
You eat the chunk of flesh {@w0}.
Found a stone staircase leading down.
There is a stone staircase leading down here.
v - 2 scrolls labeled QUSA QUESHELUE (gained 1)
You open the large door.
There is a large open door here.
An ooze comes into view.
The ooze quivers.
The ooze barely misses you.
An ooze is nearby!
An ooze is nearby!
You hit the ooze. The ooze closely misses you.
You hit the ooze. The ooze hits you but does no damage.
You slash the ooze!
You kill the ooze!
No target in view!
s - a scroll labeled XIXTEU HIAFRO
There is a large open door here.
You see here a +0 whip.
Q - 47 stones (gained 1) Natasha, Servant of Life and Death comes into view.
Throwing (i - inventory. (/) - cycle)
k - 14 poisoned darts (quivered)
Aim: Natasha (wandering, hasn't noticed you)
You throw a poisoned dart.
The poisoned dart barely misses Natasha.
Natasha hisses angrily.
Natasha casts a spell.
Throwing (i - inventory. (/) - cycle)
k - 13 poisoned darts (quivered)
Aim: Natasha You throw a poisoned dart.
The poisoned dart hits Natasha.
Natasha mumbles some strange words.
Throwing (i - inventory. (/) - cycle)
k - 12 poisoned darts (quivered)
Aim: Natasha You throw a poisoned dart.
The poisoned dart barely misses the crimson imp.
Throwing (i - inventory. (/) - cycle)
k - 11 poisoned darts (quivered)
Aim: a crimson imp (summoned)
You throw a poisoned dart. The poisoned dart hits the crimson imp.
Throwing (i - inventory. (/) - cycle)
k - 10 poisoned darts (quivered)
Aim: a crimson imp (summoned)
You throw a poisoned dart.
The poisoned dart closely misses the crimson imp.
Natasha mumbles some strange words.
You feel disoriented.
You hit the crimson imp but do no damage.
The crimson imp blinks!
Natasha claws you.
You closely miss Natasha.
Natasha casts a spell.
You hit Natasha but do no damage. Natasha completely misses you.
You closely miss Natasha. You hit the white imp. You barely miss the white imp.
The white imp gestures at you. The puff of frost misses you. Natasha claws you.
The white imp closely misses you.
You closely miss Natasha. You hit the white imp. x2
The white imp shouts, "Go and return not, thou artless hasty-witted bounder!"
The white imp gestures at you. The puff of frost hits you.
Natasha casts a spell at you.
You feel yourself slow down.
The white imp hits you but does no damage.
You hit Natasha. You hit the white imp. You barely miss the crimson imp.
You hit the white imp. The white imp gestures at you.
The puff of frost hits you! Natasha claws you but does no damage.
The white imp gestures at you. The puff of frost hits you!
* * * LOW HITPOINT WARNING * * *
The crimson imp blinks!
The white imp closely misses you.
You closely miss Natasha. You hit the white imp.
You closely miss the white imp. Natasha closely misses you.
The white imp closely misses you.
The white imp disappears for a moment.
The white imp hits you but does no damage.
Natasha completely misses you. The white imp closely misses you.
You hit Natasha. You hit the white imp. You hit the white imp but do no damage.
The white imp barely misses you. Natasha claws you.
* * * LOW HITPOINT WARNING * * *
The white imp gestures at you. The puff of frost hits you.
* * * LOW HITPOINT WARNING * * *
The white imp hits you but does no damage.
You hit Natasha. You hit the white imp but do no damage.
You barely miss the crimson imp. You hit the white imp but do no damage.
The white imp disappears in a puff of smoke!
Natasha claws you!
* * * LOW HITPOINT WARNING * * *
The white imp gestures at you. The puff of frost hits you!
You die...

# #.# #.##..# #...# # #.#
#.##..#########.≈.## # #.#
#.##).........#...#. #
#.########.##.##########.≈.## #
#.....<....##.# #...#.
#############.# #.≈.#. ##.##
######...#. #.5.# #....≈.≈)≈. ###
#@h.# #[##..≈.≈.. ..##
####5§.####.####..#..
...##########.....(..[#.####.###.
...................(..(..........
...##########.......(...#########
..## ##.....####)# # .## #.....#
#.# # .# #.....# #.####### # ##
#..#### #.......# #


You could see Natasha, a crimson imp (summoned) and a white imp (summoned).

Levels and vault maps discovered:
D:1:      giann_wishing_wells, layout_basic
D:2:      layout_loops_ring, nicolae_ru_path_of_blood,
          kennysheep_generic_room_12, uniq_natasha

Notes
Turn   | Place    | Note
-------+----------+-------------------------------------------
     0 | D:1      | drasked the Hill Orc Monk began the quest for the Orb.
     0 | D:1      | Reached XP level 1. HP: 19/19 MP: 1/1
   139 | D:1      | Identified a cursed -1 spear
   150 | D:1      | Reached XP level 2. HP: 25/27 MP: 2/2
   192 | D:1      | Identified a +0 club
   214 | D:1      | Identified a +0 club
   348 | D:1      | Identified a +0 dagger
   411 | D:1      | Identified a +0 dagger
   416 | D:1      | Reached skill level 1 in Armour
   427 | D:1      | Reached XP level 3. HP: 33/33 MP: 3/3
   445 | D:1      | Identified a +0 ring mail (You found it on level 1 of the
                  | Dungeon)
   487 | D:1      | Identified a +0 club
   608 | D:1      | Reached skill level 4 in Fighting
   629 | D:1      | Reached skill level 2 in Stealth
   634 | D:1      | Identified a +0 short sword
   655 | D:1      | Identified a +0 short sword
   794 | D:1      | Identified a +0 dagger
   858 | D:1      | Identified a +0 club
  1291 | D:2      | Reached skill level 5 in Axes
  1291 | D:2      | Reached XP level 4. HP: 25/40 MP: 4/4
  1541 | D:2      | Identified a +0 whip
  1578 | D:2      | Identified a +0 club
  1614 | D:2      | Identified a +0 dagger
  1618 | D:2      | Noticed Natasha
  1628 | D:2      | Killed Natasha
  1699 | D:2      | Found a sacrificial altar of Ru.
  1761 | D:2      | Identified a +0 club
  1836 | D:2      | Identified a +0 dagger
  2130 | D:2      | Noticed Natasha
  2143 | D:2      | HP: 9/41 [white imp/puff of frost[Natasha] (5)]
  2144 | D:2      | HP: 2/41 [Natasha (7)]
  2144 | D:2      | Killed from afar by a white imp

Table legend:
 A = Turns spent in this place as a percentage of turns spent in the entire game.
 B = Non-inter-level travel turns spent in this place as a percentage of non-inter-level travel turns spent in the entire game.
 C = Inter-level travel turns spent in this place as a percentage of turns spent in this place.
 D = Turns resting spent in this place as a percentage of non-inter-level travel turns spent in this place.
 E = Turns spent auto-exploring this place as a percentage of non-inter-level travel turns spent in this place.
 F = Non-inter-level travel turns spent in this place divided by the number of levels of this place that you've seen.
                   A       B       C       D       E      F
               +-------+-------+-------+-------+-------+----------------------
         Total | 100.0 | 100.0 |   0.6 |  26.7 |  56.6 | 1066.0
       Dungeon | 100.0 | 100.0 |   0.6 |  26.7 |  56.6 | 1066.0
               +-------+-------+-------+-------+-------+----------------------

Table legend:
 A = Kills in this place as a percentage of kills in entire the game.
 B = Kills by you in this place as a percentage of kills by you in the entire game.
 C = Kills by friends in this place as a percentage of kills by friends in the entire game.
 D = Other kills in this place as a percentage of other kills in the entire game.
 E = Experience gained in this place as a percentage of experience gained in the entire game.
 F = Experience gained in this place divided by the number of levels of this place that you have seen.
                   A       B       C       D       E      F
               +-------+-------+-------+-------+-------+----------------------
         Total | 100.0 | 100.0 |   N/A |   N/A | 100.0 |  71.0
       Dungeon | 100.0 | 100.0 |   N/A |   N/A | 100.0 |  71.0
               +-------+-------+-------+-------+-------+----------------------

Skill      XL: |  1  2  3 |
---------------+----------+-----
Armour         | 1 |  1.7
Fighting       | 4 |  4.3
Stealth        | 2 |  2.2
Axes           | 5 |  5.4
Dodging        | |  2.4

Action                   |  1- 3 |  4- 6 || total
-------------------------+-------+-------++-------
Melee: Hand axe          |    99 |    37 ||   136
Throw: Stone             |    44 |       ||    44
       Dart              |    16 |    32 ||    48
  Eat: Chunk             |     1 |     3 ||     4
Armor: Robe              |     4 |       ||     4
       Ring mail         |    13 |    13 ||    26
Dodge: Dodged            |    59 |    26 ||    85

Vanquished Creatures
  Natasha (D:2)
  A gnoll (D:1)
  2 adders (D:2)
  An ooze (D:2)
  A dart slug (D:2)
  A leopard gecko (D:1)
  2 giant cockroaches
  4 goblins
  8 hobgoblins
  3 jackals (D:1)
  A ball python (D:1)
  4 bats
  7 kobolds
  4 rats
40 creatures vanquished.
